 Dungeon Crawl Stone Soup version 0.26.0-18-gc5c842f807 (webtiles) character file.

Game seed: 17313513017343337328

92 thiole the Sneak (level 4, -1/27 HPs)
             Began as an Octopode Hedge Wizard on Jan 23, 2021.
             Killed from afar by Sigmund (8 damage)
             ... with a puff of flame
             ... on level 2 of the Dungeon.
             The game lasted 00:03:46 (1980 turns).

thiole the Sneak (Octopode Hedge Wizard)            Turns: 1980, Time: 00:03:47

Health: -1/27      AC:  5    Str: 11    XL:     4   Next: 60%
Magic:  6/9        EV: 13    Int: 17    God:
Gold:   64         SH:  0    Dex: 11    Spells: 1/9 levels left

rFire    . . .     SeeInvis .   a - +0 dagger
rCold    . . .     Faith    .   (no shield)
rNeg     . . .     Spirit   .   b - +0 hat
rPois    .         Reflect  .   (no amulet)
rElec    .         Harm     .   (no ring)
rCorr    .         Rampage  .   (no ring)
Will     .....                  (no ring)
Stlth    +++.......             (no ring)
HPRegen  0.09/turn              (no ring)
MPRegen  0.11/turn              (no ring)
                                (no ring)
                                (no ring)

@: no status effects
A: almost no armour, stealthy swim, amphibious, 8 rings, constrict 8, iridescent
scales 1, slimy green scales 1, camouflage 1, blink, strong 1, gelatinous body 1
a: Blink


You were on level 2 of the Dungeon.
You visited 1 branch of the dungeon, and saw 2 of its levels.

You collected 64 gold pieces.

Inventory:

Hand Weapons
 a - a +0 dagger (weapon)
Armour
 b - a +0 hat (worn)
Scrolls
 e - a scroll of fear {unknown}
 i - 2 scrolls of remove curse {unknown}
 j - a scroll of blinking {unknown}
Potions
 c - a potion of mutation
 d - a potion of haste
 g - a potion of might {unknown}
 h - a potion of attraction {unknown}


   Skills:
 - Level 2.0 Dodging
 + Level 3.6 Stealth
 + Level 3.3 Spellcasting
 * Level 2.5 Conjurations
 - Level 2.3 Summonings
 - Level 1.0 Translocations
 * Level 0.8 Air Magic


You had one spell level left.
You knew the following spells:

 Your Spells              Type           Power        Failure   Level
a - Magic Dart            Conj           44%          6%          1
b - Call Imp              Summ           10%          10%         2
c - Blink                 Tloc           N/A          17%         2
d - Mephitic Cloud        Conj/Pois/Air  6%           32%         3

Your spell library contained the following spells:

 Spells                   Type           Power        Failure   Level
 Slow                     Hex            2%           26%         2
 Conjure Flame            Conj/Fire      7%           30%         3


Dungeon Overview and Level Annotations

Branches:
Dungeon (2/15)

Altars:

Annotations:
D:2 1 runed translucent door, Crazy Yiuf, Sigmund


Innate Abilities, Weirdness & Mutations

You cannot wear most types of armour.
You are very stealthy in the water. (Stealth+)
You are amphibious.
You can wear up to eight rings at the same time.
You can use your tentacles to constrict eight enemies at once.
Your skin changes colour to match your surroundings (Stealth+).
Your rubbery body absorbs attacks. (AC +1, EV +1)
You are partially covered in iridescent scales. (AC +2)
You are partially covered in slimy green scales. (AC +2)
You can translocate small distances at will.
Your muscles are strong. (Str +2)


Message History

* * * LOW HITPOINT WARNING * * *
You hit Jessica. Your squeeze misses Jessica.
Jessica is severely wounded.
You constrict Jessica, but do no damage.
Jessica barely misses you.
You hit Jessica.
Jessica is severely wounded.
You constrict Jessica. Jessica misses you.
You hit Jessica but do no damage.
Jessica is almost dead.
You constrict Jessica.
You kill Jessica!
You see here a cursed -1 robe.
You start resting.
Sigmund is nearby!
Sigmund gestures at himself while chanting.
Sigmund flickers and vanishes!
A puff of flame appears from out of thin air!
The puff of flame hits you!
You die...

#g..+.♣♣♣ .. #)..#♣♣ ..
### #' #. #.
################
#.####.##............#.#
...)....................
#.@......####..####
###.#########..# #
#.#.@........# #
#.#.########.## # #.#.#
#.w# # #[{.# ##.# #
##### #.# # ####.###
#.....#


There were no monsters in sight!

Vanquished Creatures
  Jessica (D:2)
  2 adders (D:2)
  An ooze (D:2)
  A worm (D:2)
  4 dart slugs
  A giant cockroach (D:1)
  4 goblins
  4 hobgoblins (D:1)
  4 jackals (D:2)
  2 bats (D:1)
  A frilled lizard (D:2)
  5 kobolds
  6 rats
36 creatures vanquished.

Notes
Turn   | Place    | Note
-------+----------+-------------------------------------------
     0 | D:1      | thiole the Octopode Hedge Wizard began the quest for the
                  | Orb.
     0 | D:1      | Reached XP level 1. HP: 11/11 MP: 4/4
   238 | D:1      | Reached XP level 2. HP: 15/17 MP: 0/6
  1208 | D:2      | Reached XP level 3. HP: 21/21 MP: 0/7
  1408 | D:2      | Gained mutation: You are partially covered in iridescent
                  | scales. (AC +2) [potion of mutation]
  1408 | D:2      | Gained mutation: You can translocate small distances at
                  | will. [potion of mutation]
  1408 | D:2      | Gained mutation: You are partially covered in slimy green
                  | scales. (AC +2) [potion of mutation]
  1408 | D:2      | Gained mutation: Your muscles are strong. (Str +2) [potion
                  | of mutation]
  1408 | D:2      | HP: 1/21 [poisoned by an adder]
  1425 | D:2      | Found a faded altar of an unknown god.
  1679 | D:2      | Found a runed translucent door.
  1680 | D:2      | Noticed Crazy Yiuf
  1739 | D:2      | Reached XP level 4. HP: 27/27 MP: 1/8
  1742 | D:2      | Learned a level 2 spell: Call Imp
  1745 | D:2      | Learned a level 2 spell: Blink
  1749 | D:2      | Learned a level 3 spell: Mephitic Cloud
  1928 | D:2      | Noticed Sigmund
  1945 | D:2      | Noticed Jessica
  1969 | D:2      | Killed Jessica
  1980 | D:2      | Killed from afar by Sigmund

Illustrated notes

Levels and vault maps discovered:
D:1:      dpeg_arrival_pits, layout_loops_corners
D:2:      layout_basic, led_sif_pool, nicolae_dithmenos_shadow_blocks,
          chequers_ecumenical_altar_simple, uniq_natasha, uniq_jessica,
          uniq_crazy_yiuf_cottage, uniq_sigmund

Skill      XL: |  1  2  3 |
---------------+----------+-----
Stealth        | 3 |  3.6
Summonings     | 2 |  2.3
Conjurations   | 2 |  2.5
Dodging        | |  2.0
Spellcasting   | |  3.3
Translocations | |  1.0
Air Magic      | |  0.8

Action                   |  1- 3 |  4- 6 || total
-------------------------+-------+-------++-------
Melee: Dagger            |    24 |     8 ||    32
       Tentacles         |     3 |       ||     3
       Constrict         |     6 |     1 ||     7
 Cast: Magic Dart        |    74 |    10 ||    84
  Use: Potion            |     4 |       ||     4
 Stab: Invisible         |     1 |       ||     1
Armor: Skin              |     3 |       ||     3
Dodge: Dodged            |    17 |     4 ||    21
